CAL (WIN)
FREDERICK KEYS @ HIGH DESERT MAVERICKS
12/23/2046
 
TOP OF THE 1ST
Frederick Keys batting - Pitching for High Desert Mavericks : LHP Valery Sahanov
Pitching: LHP Valery Sahanov
Batting: LHB Shane Free 0-0: Called Strike
0-1: Foul Ball, location: 2F
0-2: Foul Ball, location: 2F
0-2: Strikes out looking
Batting: LHB Justin Moore 0-0: Called Strike
0-1: Ball
1-1: Ball
2-1: Ground out 4-3 (Groundball, 34, EV 101.2 MPH)
Batting: RHB Mike Pitts 0-0: Foul Ball, location: 2F
0-1: Swinging Strike
0-2: Ball
1-2: Strikes out swinging
Top of the 1st over - 0 runs, 0 hits, 0 errors, 0 left on base; Frederick 0 - High Desert 0
BOTTOM OF THE 1ST
High Desert Mavericks batting - Pitching for Frederick Keys : RHP Kevin Stewart
Pitching: RHP Kevin Stewart
Batting: RHB Steve Haskins 0-0: Foul Ball, location: 2F
0-1: Fly out, F2 (Popup, 3SF, EV 75.0 MPH)
Batting: LHB Ben Radach 0-0: Called Strike
0-1: Ball
1-1: Foul Ball, location: 2F
1-2: Ball
2-2: Strikes out swinging
Batting: RHB Jason Swisher 0-0: DOUBLE (Line Drive, 9LM, EV 105.6 MPH)
Pinch Runner at 2nd Vinny Luna:
Batting: RHB Andres Valles 0-0: Foul Ball, location: 2F
0-1: Ball
1-1: Foul Ball, location: 2F
1-2: 2-RUN HOME RUN (Flyball, 8LXD, EV 111.9 MPH), Distance : 446 ft
Batting: RHB Zach Koblinski 0-0: Called Strike
0-1: Ball
1-1: Foul Ball, location: 2F
1-2: Foul Ball, location: 2F
1-2: Foul Ball, location: 2F
1-2: Foul Ball, location: 2F
1-2: Foul Ball, location: 2F
1-2: Ground out 4-3 (Groundball, 4M, EV 86.2 MPH)
Bottom of the 1st over - 2 runs, 2 hits, 0 errors, 0 left on base; Frederick 0 - High Desert 2
TOP OF THE 2ND
Frederick Keys batting - Pitching for High Desert Mavericks : LHP Valery Sahanov
Now at 3B: Reilly Hawkins
Now in RF: Vinny Luna
Batting: SHB Jorge Brito 0-0: Called Strike
0-1: Ball
1-1: Foul Ball, location: 2F
1-2: Strikes out looking
Batting: RHB Alex Valencia 0-0: Ball
1-0: Called Strike
1-1: Ball
2-1: Swinging Strike
2-2: Foul Ball, location: 2F
2-2: Ball
3-2: Foul Ball, location: 2F
3-2: Foul Ball, location: 2F
3-2: Base on Balls
Batting: SHB Brian Bentz 0-0: Called Strike
Alex Valencia is caught stealing 2nd base 2-4
0-1: Foul Ball, location: 2F
0-2: Ball
1-2: Foul Ball, location: 2F
1-2: Strikes out swinging
Top of the 2nd over - 0 runs, 0 hits, 0 errors, 0 left on base; Frederick 0 - High Desert 2
BOTTOM OF THE 2ND
High Desert Mavericks batting - Pitching for Frederick Keys : RHP Kevin Stewart
Batting: RHB Luis Reyna 0-0: Fly out, F8 (Flyball, 8LD, EV 83.8 MPH)
Batting: RHB Nick Solberg 0-0: Ball
1-0: Called Strike
1-1: Called Strike
1-2: Strikes out swinging
Batting: RHB Reilly Hawkins 0-0: Called Strike
0-1: Foul Ball, location: 2F
0-2: Ball
1-2: Ball
2-2: Ball
3-2: Strikes out swinging
Bottom of the 2nd over - 0 runs, 0 hits, 0 errors, 0 left on base; Frederick 0 - High Desert 2
TOP OF THE 3RD
Frederick Keys batting - Pitching for High Desert Mavericks : LHP Valery Sahanov
Batting: LHB Eric Jackson 0-0: Ball
1-0: Ball
2-0: Ball
3-0: Called Strike
3-1: Called Strike
3-2: TRIPLE (Flyball, 89XD, EV 106.9 MPH)
Batting: LHB Tomas de Zeeuw 0-0: Fly out, F8 (Flyball, 8LM, EV 88.8 MPH)
Runner from 3rd tags up, SCORES, throw by CF
Batting: RHB Ray Sims 0-0: Ball
1-0: Ball
2-0: Foul Ball, location: 2F
2-1: Called Strike
2-2: Ball
3-2: Foul Ball, location: 2F
3-2: Base on Balls
Batting: LHB Shane Free 0-0: Called Strike
0-1: Ball
1-1: Ball
2-1: Called Strike
2-2: Strikes out looking
Batting: LHB Justin Moore 0-0: Foul Ball, location: 2F
0-1: Ball
1-1: Ball
2-1: Foul Ball, location: 2F
2-2: Ball
3-2: Foul Ball, location: 2F
3-2: Foul Ball, location: 2F
3-2: Reached on error, E4 (Groundball, 34D, EV 94.4 MPH)
Ray Sims to second
Batting: RHB Mike Pitts 0-0: Ball
1-0: Fly out, F7 (Flyball, 78M, EV 95.0 MPH)
Top of the 3rd over - 1 run, 1 hit, 1 error, 2 left on base; Frederick 1 - High Desert 2
BOTTOM OF THE 3RD
High Desert Mavericks batting - Pitching for Frederick Keys : RHP Kevin Stewart
Batting: RHB Ferdi Schipper 0-0: Ground out 4-3 (Groundball, 34, EV 92.5 MPH)
Batting: RHB Steve Haskins 0-0: Ball
1-0: Foul Ball, location: 2F
1-1: Fly out, F3 (Popup, 34, EV 64.4 MPH)
Batting: LHB Ben Radach 0-0: Called Strike
0-1: Foul Ball, location: 2F
0-2: Strikes out swinging
Bottom of the 3rd over - 0 runs, 0 hits, 0 errors, 0 left on base; Frederick 1 - High Desert 2
TOP OF THE 4TH
Frederick Keys batting - Pitching for High Desert Mavericks : LHP Valery Sahanov
Batting: SHB Jorge Brito 0-0: Ball
1-0: Called Strike
1-1: Ball
2-1: SOLO HOME RUN (Flyball, 7D, EV 102.5 MPH), Distance : 376 ft
Batting: RHB Alex Valencia 0-0: Ball
1-0: Ball
2-0: Ground out 4-3 (Groundball, 4, EV 94.4 MPH)
Batting: SHB Brian Bentz 0-0: Called Strike
0-1: Ball
1-1: Called Strike
1-2: Ball
2-2: Strikes out swinging
Batting: LHB Eric Jackson 0-0: SINGLE (Line Drive, 7S, EV 92.5 MPH)
Batting: LHB Tomas de Zeeuw 0-0: Ball
1-0: Called Strike
1-1: Foul Ball, location: 2F
1-2: 2-RUN HOME RUN (Flyball, 9D, EV 101.2 MPH), Distance : 405 ft
Batting: RHB Ray Sims 0-0: Ground out 5-3 (Groundball, 56S, EV 67.5 MPH)
Top of the 4th over - 3 runs, 3 hits, 0 errors, 0 left on base; Frederick 4 - High Desert 2
BOTTOM OF THE 4TH
High Desert Mavericks batting - Pitching for Frederick Keys : RHP Kevin Stewart
Batting: RHB Vinny Luna 0-0: Ball
1-0: Called Strike
1-1: DOUBLE (Line Drive, 9LD, EV 114.4 MPH)
Batting: RHB Andres Valles 0-0: Ball
1-0: Ball
2-0: Called Strike
2-1: Swinging Strike
2-2: Ball
3-2: Strikes out looking
Batting: RHB Zach Koblinski 0-0: Ball
1-0: Ball
2-0: Ball
3-0: Called Strike
3-1: 2-RUN HOME RUN (Flyball, 9D, EV 101.2 MPH), Distance : 402 ft
Batting: RHB Luis Reyna 0-0: Ball
1-0: Called Strike
1-1: Called Strike
1-2: Ball
2-2: Foul Ball, location: 2F
2-2: Ball
3-2: DOUBLE (Line Drive, 8LXD, EV 106.9 MPH)
Batting: RHB Nick Solberg 0-0: Ball
1-0: Ball
2-0: Called Strike
2-1: Called Strike
2-2: Fly out, F7 (Line Drive, 7, EV 96.2 MPH)
Batting: RHB Reilly Hawkins 0-0: Ball
1-0: Ball
2-0: Ball
3-0: Fly out, F9 (Line Drive, 89M, EV 83.8 MPH)
Bottom of the 4th over - 2 runs, 3 hits, 0 errors, 1 left on base; Frederick 4 - High Desert 4
TOP OF THE 5TH
Frederick Keys batting - Pitching for High Desert Mavericks : LHP Valery Sahanov
Batting: LHB Shane Free 0-0: Ball
1-0: Foul Ball, location: 2F
1-1: Ball
2-1: Foul Ball, location: 2F
2-2: Fly out, F7 (Flyball, 78M, EV 92.5 MPH)
Batting: LHB Justin Moore 0-0: Ground out 6-3 (Groundball, 4, EV 80.0 MPH)
Batting: RHB Mike Pitts 0-0: Fly out, F7 (Flyball, 7S, EV 78.8 MPH)
Top of the 5th over - 0 runs, 0 hits, 0 errors, 0 left on base; Frederick 4 - High Desert 4
BOTTOM OF THE 5TH
High Desert Mavericks batting - Pitching for Frederick Keys : RHP Kevin Stewart
Batting: RHB Ferdi Schipper 0-0: Ground out 4-3 (Groundball, 4, EV 82.5 MPH)
Batting: RHB Steve Haskins 0-0: Called Strike
0-1: Ball
1-1: Foul Ball, location: 2F
1-2: Ground out 4-3 (Groundball, 4, EV 85.6 MPH)
Batting: LHB Ben Radach 0-0: Called Strike
0-1: Ball
1-1: Ball
2-1: Foul Ball, location: 2F
2-2: Ball
3-2: Base on Balls
Batting: RHB Vinny Luna 0-0: Swinging Strike
0-1: Swinging Strike
0-2: Ground out 4-3 (Groundball, 4, EV 108.8 MPH)
Bottom of the 5th over - 0 runs, 0 hits, 0 errors, 1 left on base; Frederick 4 - High Desert 4
TOP OF THE 6TH
Frederick Keys batting - Pitching for High Desert Mavericks : LHP Valery Sahanov
Batting: SHB Jorge Brito 0-0: Ball
1-0: Ground out 5-3 (Groundball, 56, EV 108.1 MPH)
Batting: RHB Alex Valencia 0-0: Foul Ball, location: 2F
0-1: Ball
1-1: Foul Ball, location: 2F
1-2: Strikes out swinging
Batting: SHB Brian Bentz 0-0: Swinging Strike
0-1: Fly out, F9 (Flyball, 9D, EV 75.6 MPH)
Top of the 6th over - 0 runs, 0 hits, 0 errors, 0 left on base; Frederick 4 - High Desert 4
BOTTOM OF THE 6TH
High Desert Mavericks batting - Pitching for Frederick Keys : RHP Kevin Stewart
Batting: RHB Andres Valles 0-0: Fly out, F7 (Line Drive, 7, EV 96.2 MPH)
Batting: RHB Zach Koblinski 0-0: Called Strike
0-1: Called Strike
0-2: Fly out, F3 (Popup, 3L, EV 75.6 MPH)
Batting: RHB Luis Reyna 0-0: Fly out, F9 (Flyball, 89M, EV 78.1 MPH)
Bottom of the 6th over - 0 runs, 0 hits, 0 errors, 0 left on base; Frederick 4 - High Desert 4
TOP OF THE 7TH
Frederick Keys batting - Pitching for High Desert Mavericks : LHP Valery Sahanov
Batting: LHB Eric Jackson 0-0: Swinging Strike
0-1: Foul Ball, location: 2F
0-2: Ball
1-2: Ball
2-2: Foul Ball, location: 2F
2-2: Ball
3-2: Base on Balls
Batting: LHB Tomas de Zeeuw 0-0: Called Strike
Eric Jackson steals 2nd base
0-1: Ball
1-1: Ball
2-1: Ball
3-1: Base on Balls
Batting: RHB Ray Sims 0-0: Foul Ball, location: 2F
0-1: Sac Bunt to 13 - play at first, batter OUT! 1-4
Eric Jackson to third
Tomas de Zeeuw to second
Pinch Hitting: RHB Francisco Viera 0-0: Intentional Walk
Pinch Hitting: RHB Jeremy Sipe 0-0: SINGLE (Groundball, 56, EV 99.4 MPH)
Eric Jackson scores
Tomas de Zeeuw to third
Francisco Viera to second
Runner from 3rd tries for Home, SAFE, throw by LF to home
Pitching: RHP Chris Ishii
Batting: RHB Mike Pitts 0-0: Ball
1-0: Ball
2-0: Foul Ball, location: 2F
2-1: SINGLE (Groundball, 56D, EV 106.9 MPH)
Francisco Viera to third
Jeremy Sipe to second
Runner from 3rd tries for Home, SAFE, throw by LF to home
Batting: SHB Jorge Brito 0-0: Ball
1-0: Called Strike
1-1: Foul Ball, location: 2F
1-2: 3-RUN HOME RUN (Flyball, 78XD, EV 98.8 MPH), Distance : 416 ft
Batting: RHB Alex Valencia 0-0: Called Strike
0-1: Ball
1-1: Swinging Strike
1-2: Ball
2-2: SINGLE (Groundball, 56D, EV 100.0 MPH)
Pitching: RHP Bill Tindall
Batting: SHB Brian Bentz 0-0: Ball
1-0: SINGLE (Groundball, 4MD, EV 97.5 MPH) (infield hit)
Alex Valencia to second
Batting: LHB Eric Jackson 0-0: Called Strike
0-1: Ball
1-1: Fielders Choice at 3rd, U5 (Groundball, 5L, EV 86.9 MPH)
Brian Bentz to second
Batting: LHB Tomas de Zeeuw 0-0: Called Strike
0-1: Foul Ball, location: 2F
0-2: Foul Ball, location: 2F
0-2: Ball
1-2: Ground out 4-3 (Groundball, 34, EV 86.2 MPH)
Top of the 7th over - 6 runs, 5 hits, 0 errors, 2 left on base; Frederick 10 - High Desert 4
BOTTOM OF THE 7TH
High Desert Mavericks batting - Pitching for Frederick Keys : RHP Kevin Stewart
Now at SS: Francisco Viera
Now in LF: Antonio Gamez
Batting: RHB Nick Solberg 0-0: Ball
1-0: Ground out 6-3 (Groundball, 56D, EV 102.5 MPH)
Batting: RHB Reilly Hawkins 0-0: Swinging Strike
0-1: Called Strike
0-2: Foul Ball, location: 2F
0-2: Ball
1-2: Foul Ball, location: 2F
1-2: Strikes out swinging
Batting: RHB Ferdi Schipper 0-0: Called Strike
0-1: Ball
1-1: Called Strike
1-2: Strikes out swinging
Bottom of the 7th over - 0 runs, 0 hits, 0 errors, 0 left on base; Frederick 10 - High Desert 4
TOP OF THE 8TH
Frederick Keys batting - Pitching for High Desert Mavericks : RHP Bill Tindall
Batting: RHB Ray Sims 0-0: Ball
1-0: Ground out 1-3 (Groundball, 15S, EV 73.8 MPH)
Batting: RHB Francisco Viera 0-0: Ball
1-0: Called Strike
1-1: Swinging Strike
1-2: Ball
2-2: Strikes out swinging
Batting: RHB Antonio Gamez 0-0: Called Strike
0-1: Foul Ball, location: 2F
0-2: Ball
1-2: Ball
2-2: Ball
3-2: Foul Ball, location: 2F
3-2: Strikes out swinging
Top of the 8th over - 0 runs, 0 hits, 0 errors, 0 left on base; Frederick 10 - High Desert 4
BOTTOM OF THE 8TH
High Desert Mavericks batting - Pitching for Frederick Keys : RHP Kevin Stewart
Pitching: RHP Jason Hamlyn
Batting: RHB Steve Haskins 0-0: Foul Ball, location: 2F
0-1: Ground out 2-3 (Groundball, 15S, EV 72.5 MPH)
Batting: LHB Ben Radach 0-0: Ball
1-0: Called Strike
1-1: Ball
2-1: Ball
3-1: Foul Ball, location: 2F
3-2: Base on Balls
Batting: RHB Vinny Luna 0-0: Ball
1-0: Ball
2-0: Grounds into double play, 6-4-3 (Groundball, 6, EV 88.8 MPH)
Bottom of the 8th over - 0 runs, 0 hits, 0 errors, 0 left on base; Frederick 10 - High Desert 4
TOP OF THE 9TH
Frederick Keys batting - Pitching for High Desert Mavericks : RHP Bill Tindall
Batting: RHB Mike Pitts 0-0: Swinging Strike
0-1: Swinging Strike
0-2: Strikes out looking
Batting: SHB Jorge Brito 0-0: Ball
1-0: Swinging Strike
1-1: Swinging Strike
1-2: Strikes out swinging
Batting: RHB Alex Valencia 0-0: Ball
1-0: Ball
2-0: Fly out, F8 (Line Drive, 8LD, EV 95.6 MPH)
Top of the 9th over - 0 runs, 0 hits, 0 errors, 0 left on base; Frederick 10 - High Desert 4
BOTTOM OF THE 9TH
High Desert Mavericks batting - Pitching for Frederick Keys : RHP Jason Hamlyn
Batting: RHB Andres Valles 0-0: Ball
1-0: Ball
2-0: Called Strike
2-1: Called Strike
2-2: Strikes out swinging
Batting: RHB Zach Koblinski 0-0: Called Strike
0-1: Ball
1-1: Swinging Strike
1-2: Strikes out swinging
Batting: RHB Luis Reyna 0-0: Fly out, F8 (Line Drive, 89M, EV 97.5 MPH)
Bottom of the 9th over - 0 runs, 0 hits, 0 errors, 0 left on base; Frederick 10 - High Desert 4
Tuesday, September 13th , 2022 - OOTP Baseball 23.7 Build 88